[Event "Titled Tuesday Blitz November 15 Early 2022"]
[White "Petrovic, Aleksa"]
[Black "Fabris, Alberto"]
[WhiteFideId "967629"]
[BlackFideId "801348"]
[WhiteElo "2224"]
[BlackElo "2076"]
[Result "1-0"]
[Round "07"]
[TimeControl "180+1"]
[Date "2022.11.16"]
[WhiteClock "0:01:24"]
[BlackClock "0:00:08"]

1. d4 Nf6 2. c4 e6 3. Nf3 b6 4. g3 Bb7 5. Bg2 Bb4+ 6. Nbd2 O-O 7. O-O d5 8. cxd5 exd5 9. Ne5 Nbd7 10. Nd3 Bd6 11. Nf3 Re8 12. Bf4 Ne4 13. Rc1 Bxf4 14. Nxf4 c6 15. e3 Qe7 16. Nd2 Ndf6 17. Nb1 h6 18. Re1 Qd7 19. Nd3 Qf5 20. Qc2 Rac8 21. Ne5 Nd7 22. f3 Nxe5 23. dxe5 Qxe5 24. fxe4 dxe4 25. Nc3 c5 26. Rf1 f5 27. Rcd1 Rcd8 28. Rxd8 Rxd8 29. Rd1 Rxd1+ 30. Qxd1 Kh7 31. Kf2 Qe7 32. Bh3 g6 33. Bf1 Kg7 34. b3 Bc6 35. Bb5 Bxb5 36. Nxb5 Qe5 37. Qd7+ Kf6 38. Qd6+ Qxd6 39. Nxd6 a6 40. a4 Ke6 41. Nc4 b5 42. axb5 axb5 43. Na3 c4 44. bxc4 bxc4 45. Nxc4 Kd5 46. Nb6+ Kc6 47. Nc8 Kd7 48. Nb6+ Kc6 49. Nc4 Kd5 50. Nd2 g5 51. h4 Ke5 52. Nc4+ Kd5 53. Nb6+ Kc6 54. Nc8 Kd7 55. Nb6+ Kc6 56. Nc4 Kd5 57. Nd2 Ke5 58. hxg5 hxg5 59. Nc4+ Kd5 60. Nb6+ Kc6 61. Nc8 Kd7 62. Nb6+ Kc6 63. Nc4 Kd5 64. Nd2 Ke5 65. Nb3 f4 66. Nd4 f3 67. Nxf3+ exf3 68. Kxf3 Kf5 69. e4+ Ke5 70. Kg4 1-0


[Site "https://www.chess.com"]

[Event "Titled Tuesday Blitz November 15 Early 2022"]
[White "Pichot, Alan"]
[Black "Terry, Renato"]
[WhiteFideId "110973"]
[BlackFideId "3803457"]
[WhiteElo "2560"]
[BlackElo "2577"]
[Result "1/2-1/2"]
[Round "07"]
[TimeControl "180+1"]
[Date "2022.11.15"]
[WhiteClock "0:00:06"]
[BlackClock "0:00:18"]

1. Nf3 d5 2. g3 Nf6 3. Bg2 c6 4. O-O Bg4 5. d3 Nbd7 6. Nbd2 e5 7. h3 Bh5 8. e4 dxe4 9. dxe4 Bc5 10. Qe1 O-O 11. a4 Re8 12. Nb3 Bf8 13. Bd2 Nc5 14. Nxc5 Bxc5 15. Bc3 Qc7 16. Nh4 Rad8 17. Nf5 Rd7 18. b4 Bd4 19. Ra3 Bg6 20. Nh4 Bxc3 21. Rxc3 Red8 22. Nxg6 hxg6 23. b5 c5 24. Rc4 Rd4 25. Qe2 b6 26. Ra1 Rd2 27. Qe3 R8d6 28. a5 Rd1+ 29. Rxd1 Rxd1+ 30. Kh2 Qd7 31. axb6 axb6 32. Ra4 Qxb5 33. Ra8+ Ne8 34. Qg5 Qc6 35. Rb8 Qe6 36. h4 Kf8 37. Bh3 Qe7 38. Rxb6 Qxg5 39. hxg5 Nd6 40. Bg2 Rd2 41. Rc6 c4 42. f4 Ke7 43. fxe5 Nxe4 44. Rxc4 Nxg5 45. Kg1 Re2 46. Rc5 Ne6 47. Ra5 Rxc2 48. Ra7+ Rc7 49. Ra5 Nc5 50. Bd5 Nd7 51. Bb3 Rc5 52. Ra7 Rxe5 53. Bxf7 g5 54. Bh5 Kd6 55. Bf3 Rb5 56. Kg2 Ne5 57. Be2 Rb2 58. Kf1 g6 59. Ra6+ Kd5 60. Ra5+ Ke4 61. Ra4+ Ke3 62. Ra3+ Kd4 63. Ra4+ Kd5 64. Ra5+ Ke4 65. Ra4+ Kf5 66. Ke1 g4 67. Kf1 Kg5 68. Ra5 Kf6 69. Ra6+ Kf5 70. Ra5 Ke4 71. Ra4+ Ke3 72. Ra3+ Kd4 73. Ra4+ Kd5 74. Ra5+ Kd6 75. Ra6+ Ke7 76. Ke1 Nf3+ 77. Bxf3 gxf3 78. Rxg6 Rg2 79. Kf1 Kf7 80. Rg4 Ke6 81. Re4+ Kd5 82. Rg4 Ke5 83. Rg8 Ke4 84. Re8+ Kd3 85. Rd8+ Ke3 86. Re8+ Kd3 87. Rd8+ Ke4 88. Re8+ Kf5 89. Rf8+ Kg4 90. Rg8+ Kh3 91. Rh8+ Kxg3 92. Rg8+ Kh3 93. Rxg2 fxg2+ 94. Kg1 Kg3 1/2-1/2


[Site "https://www.chess.com"]

[Event "Titled Tuesday Blitz November 15 Early 2022"]
[White "Piesik, Piotr"]
[Black "Le, Tuan Minh"]
[WhiteFideId "1136194"]
[BlackFideId "12401153"]
[WhiteElo "2316"]
[BlackElo "2530"]
[Result "0-1"]
[Round "07"]
[TimeControl "180+1"]
[Date "2022.11.15"]
[WhiteClock "0:01:55"]
[BlackClock "0:01:39"]

1. Nf3 Nf6 2. g3 d5 3. Bg2 Nbd7 4. O-O e5 5. d3 c6 6. Nbd2 Bc5 7. e4 O-O 8. Qe2 Re8 9. Nb3 Bb6 10. a4 a5 11. Be3 h6 12. Nh4 Nf8 13. Nf5 Be6 14. Bxb6 Qxb6 15. Qe3 Qb4 16. Qc5 dxe4 17. dxe4 Bxb3 18. Qxb4 axb4 19. cxb3 Ne6 20. Rac1 g6 21. Nd6 Re7 22. f4 Nd4 23. Rc4 Ng4 24. Rxb4 Rd8 25. Rxb7 Rxb7 26. Nxb7 Ne2+ 27. Kh1 Rd1 28. h3 Nxg3+ 29. Kg1 Nxf1 30. Bxf1 Ne3 0-1


[Site "https://www.chess.com"]

[Event "Titled Tuesday Blitz November 15 Early 2022"]
[White "Postnikov, Daniil"]
[Black "Tsaruk, Maksim"]
[WhiteFideId "4166329"]
[BlackFideId "13511173"]
[WhiteElo "2261"]
[BlackElo "2300"]
[Result "1-0"]
[Round "07"]
[TimeControl "180+1"]
[Date "2022.11.16"]
[WhiteClock "0:00:57"]
[BlackClock "0:00:02"]

1. e4 e6 2. d4 d5 3. e5 c5 4. c3 Nc6 5. Nf3 Qb6 6. Na3 Bd7 7. Nc2 Nge7 8. Bd3 cxd4 9. cxd4 Nb4 10. Nxb4 Qxb4+ 11. Bd2 Qb6 12. O-O Nc6 13. Bc3 Be7 14. Bc2 O-O-O 15. Qd2 Kb8 16. a3 Rc8 17. Bd3 h6 18. b4 Ka8 19. b5 g5 20. bxc6 Qxc6 21. Bb4 Bxb4 22. axb4 g4 23. Nh4 Qb6 24. Be2 Bb5 25. Bxb5 Qxb5 26. Ra5 Qc4 27. Rfa1 a6 28. b5 Rc7 29. bxa6 b6 30. R5a4 Qb3 31. Rb4 Rc2 32. Rxb3 Rxd2 33. Rxb6 Rc8 34. a7 Rxd4 35. g3 Re4 36. Rb2 Rxe5 37. Rab1 Rc7 38. Ra2 Rxa7 39. Rxa7+ Kxa7 40. Ng2 Re4 41. Nf4 Rc4 42. Nh5 e5 43. Nf6 d4 44. Nxg4 e4 45. Ne5 Rc5 46. Nxf7 d3 47. Rd1 Kb6 48. Nd6 Re5 49. Nc4+ 1-0


[Site "https://www.chess.com"]

[Event "Titled Tuesday Blitz November 15 Early 2022"]
[White "Przybylski, Wojciech"]
[Black "Levitan, Caleb Levi"]
[WhiteFideId "1117599"]
[BlackFideId "14332620"]
[WhiteElo "2221"]
[BlackElo "1963"]
[Result "1-0"]
[Round "07"]
[TimeControl "180+1"]
[Date "2022.11.16"]
[WhiteClock "0:00:37"]
[BlackClock "0:00:01"]

1. d4 Nf6 2. c4 e6 3. g3 d5 4. Bg2 dxc4 5. Nf3 Bb4+ 6. Bd2 c5 7. O-O O-O 8. Bxb4 cxb4 9. Nbd2 b5 10. Ne5 Nd5 11. e4 Nf6 12. d5 exd5 13. exd5 Bb7 14. Ne4 Nxd5 15. Nc5 Nc3 16. Qxd8 Ne2+ 17. Kh1 Bxg2+ 18. Kxg2 Rxd8 19. Rad1 Re8 20. Rfe1 f6 21. Ne6 fxe5 22. Nc7 Nc6 23. Rxe2 Rac8 24. Nxe8 Rxe8 25. Rd6 Nd4 26. Rd5 Nxe2 27. Kf3 Nd4+ 28. Ke4 c3 29. bxc3 bxc3 30. Rc5 c2 31. f4 Ne6 32. Rxc2 exf4 33. gxf4 Rf8 34. f5 Ng5+ 35. Kf4 h6 36. Rc6 Rf6 37. Rc8+ Kh7 38. Rb8 Rb6 39. Re8 Ra6 40. Re7 Rxa2 41. h4 Nh3+ 42. Kg3 Nf2 43. f6 Ne4+ 44. Rxe4 gxf6 45. h5 a5 46. Re7+ Kg8 47. Kf4 b4 48. Kf5 1-0


[Site "https://www.chess.com"]

[Event "Titled Tuesday Blitz November 15 Early 2022"]
[White "Rakhmanov, Aleksandr"]
[Black "Abrahamyan, Tatev"]
[WhiteFideId "4173708"]
[BlackFideId "13301918"]
[WhiteElo "2530"]
[BlackElo "2347"]
[Result "1/2-1/2"]
[Round "07"]
[TimeControl "180+1"]
[Date "2022.11.16"]
[WhiteClock "0:00:10"]
[BlackClock "0:00:26"]

1. d4 Nf6 2. c4 e6 3. Nc3 Bb4 4. e3 O-O 5. Nf3 c5 6. Bd3 d5 7. cxd5 cxd4 8. exd4 exd5 9. Ne5 Nc6 10. O-O Re8 11. Bg5 Nxe5 12. dxe5 Rxe5 13. Bf4 Re8 14. Qa4 Bd6 15. Bg5 Be6 16. Rad1 h6 17. Bh4 a6 18. Qd4 Rc8 19. Bxf6 Qxf6 20. Qxf6 gxf6 21. Bc2 Be5 22. Bb3 Bxc3 23. bxc3 Rxc3 24. Bxd5 Bxd5 25. Rxd5 Rc2 26. a4 Re5 27. Rd4 b5 28. axb5 axb5 29. g3 Rb2 30. Rc1 b4 31. Rf4 Kg7 32. Rcc4 b3 33. Rb4 Rb1+ 34. Kg2 b2 35. Rg4+ Rg5 36. h4 Rxg4 37. Rxg4+ Kf8 38. Rb4 Ke7 39. Rb6 Kd7 40. Rb4 Kd6 41. Rb6+ Kc5 42. Rb8 Kc4 43. Rc8+ Kb3 44. Rb8+ Kc2 45. Rc8+ Kb3 46. Rb8+ Kc2 47. Rc8+ Kb3 1/2-1/2


[Site "https://www.chess.com"]

[Event "Titled Tuesday Blitz November 15 Early 2022"]
[White "Rangel, Daniel"]
[Black "Barbashin, Igor"]
[WhiteFideId "2124475"]
[BlackFideId "4155718"]
[WhiteElo "2225"]
[BlackElo "2138"]
[Result "1-0"]
[Round "07"]
[TimeControl "180+1"]
[Date "2022.11.16"]
[WhiteClock "0:00:04"]
[BlackClock "0:00:02"]

1. e4 d5 2. exd5 Nf6 3. Nf3 Nxd5 4. Bc4 e6 5. O-O Be7 6. Bb3 O-O 7. d4 b6 8. c4 Nf6 9. Bf4 Bb7 10. Ne5 c5 11. dxc5 Bxc5 12. Nc3 Nc6 13. Na4 Bd4 14. Nxc6 Bxc6 15. Qc2 e5 16. Be3 Bxe3 17. fxe3 Ng4 18. Qe2 Qh4 19. h3 Nf6 20. Nc3 Rad8 21. Rf5 Rfe8 22. Raf1 Ne4 23. Nxe4 Bxe4 24. Rxf7 Bd3 25. Qf2 Qxf2+ 26. R1xf2 h6 27. Rxa7 Kh8 28. Rff7 Rf8 29. Rxg7 Be4 30. Kh2 Rd2 31. Rad7 Re2 32. Bd1 Rxb2 33. Kg1 Rff2 34. Bh5 Rxg2+ 35. Rxg2 Rxg2+ 36. Kf1 Rxa2 37. Rd8+ Kg7 38. Bg4 Kf6 39. Rd6+ Kg5 40. Rxb6 Kh4 41. Rxh6+ Kg3 42. Rf6 Bd3+ 43. Ke1 Bxc4 44. Rf3+ Kh4 45. e4 Rb2 46. Rc3 Bb5 47. Kd1 1-0


[Site "https://www.chess.com"]

[Event "Titled Tuesday Blitz November 15 Early 2022"]
[White "Ristic, Nebojsa B"]
[Black "Melikhov, Evgeny V."]
[WhiteFideId "935468"]
[BlackFideId "4122046"]
[WhiteElo "2320"]
[BlackElo "2169"]
[Result "1-0"]
[Round "07"]
[TimeControl "180+1"]
[Date "2022.11.16"]
[WhiteClock "0:00:56"]
[BlackClock "0:00:05"]

1. d4 Nf6 2. Bf4 d5 3. e3 c5 4. Nf3 Nc6 5. Nbd2 cxd4 6. exd4 Bg4 7. c3 e6 8. Qb3 Qc8 9. Ne5 Be7 10. Nxg4 Nxg4 11. Bd3 Nf6 12. O-O O-O 13. Rfe1 a6 14. a4 Na5 15. Qd1 Nc4 16. Nxc4 dxc4 17. Bc2 b5 18. axb5 axb5 19. Qf3 h6 20. h3 Rxa1 21. Rxa1 Qd7 22. Ra6 Qd5 23. Qxd5 Nxd5 24. Be5 b4 25. Rc6 bxc3 26. bxc3 Nxc3 27. Rxc4 Nd5 28. Be4 Rd8 29. g4 Bf6 30. Kg2 Bxe5 31. dxe5 g6 32. Kg3 Kg7 33. f4 Rd7 34. Rc5 Ne7 35. h4 Ra7 36. Kf2 Rd7 37. Ke3 Ra7 38. Rb5 Rc7 39. Rb7 Rxb7 40. Bxb7 Ng8 41. Kd4 Kf8 42. Kc5 Ke7 43. Kc6 Kf8 44. Kd7 Kg7 45. Ke8 g5 46. fxg5 hxg5 47. hxg5 Kg6 48. Kf8 Kxg5 49. Kxg8 f6 50. exf6 Kxf6 51. Bf3 Kg5 52. Kf7 e5 53. Bd1 e4 54. Ke6 Kf4 55. Kd5 e3 56. Kd4 1-0


[Site "https://www.chess.com"]

[Event "Titled Tuesday Blitz November 15 Early 2022"]
[White "Rodriguez Fontecha, Marcos"]
[Black "Georg, Heinz"]
[WhiteFideId "2256576"]
[BlackFideId "4607295"]
[WhiteElo "2263"]
[BlackElo "2332"]
[Result "1-0"]
[Round "07"]
[TimeControl "180+1"]
[Date "2022.11.16"]
[WhiteClock "0:00:37"]
[BlackClock "0:00:22"]

1. Nf3 f5 2. d4 Nf6 3. g3 g6 4. Bg2 Bg7 5. O-O O-O 6. a3 d6 7. c4 Qe8 8. Nc3 c6 9. b4 e5 10. c5 e4 11. Ne1 d5 12. f3 exf3 13. exf3 a5 14. b5 cxb5 15. Nd3 Na6 16. Re1 Qd8 17. Nxb5 b6 18. c6 Nc7 19. a4 Ba6 20. Qb3 Rf7 21. Bf4 Ne6 22. Be5 Re7 23. Rac1 Rc8 24. Nd6 Nxd4 25. Qc3 Rxe5 26. Nxc8 Ne2+ 27. Rxe2 Rxe2 28. Na7 Ne4 29. c7 Qe8 30. c8=Q Bxc8 31. Qxc8 Bd4+ 32. Kh1 Nf2+ 33. Nxf2 Re1+ 34. Rxe1 Qxc8 35. Nxc8 Bxf2 36. Re8+ 1-0


[Site "https://www.chess.com"]

[Event "Titled Tuesday Blitz November 15 Early 2022"]
[White "Rodriguez Santiago, Jaime"]
[Black "Vargas, Mauricio"]
[WhiteFideId "3100898"]
[BlackFideId "4404572"]
[WhiteElo "2025"]
[BlackElo "2025"]
[Result "1-0"]
[Round "07"]
[TimeControl "180+1"]
[Date "2022.11.16"]
[WhiteClock "0:01:05"]
[BlackClock "0:00:03"]

1. c4 e5 2. Nc3 Nc6 3. g3 f5 4. Bg2 Nf6 5. e3 Bb4 6. Nge2 O-O 7. O-O d6 8. d3 Bxc3 9. Nxc3 Ne7 10. b4 c6 11. a4 Bd7 12. Rb1 Qe8 13. b5 Rc8 14. Ba3 c5 15. Bxb7 Rb8 16. Bg2 Qg6 17. f4 Ng4 18. Qd2 Qh5 19. h3 Nf6 20. a5 Qg6 21. Kh2 Nh5 22. Qf2 Qh6 23. Nd5 Nxd5 24. Bxd5+ Kh8 25. b6 axb6 26. Rxb6 Nf6 27. Qb2 Ng4+ 28. Kg1 Rxb6 29. axb6 Qxh3 30. Qg2 Qxg2+ 31. Bxg2 Nxe3 32. Rb1 Nxg2 33. Kxg2 Bc6+ 34. Kf2 Rb8 35. Rb3 exf4 36. gxf4 Kg8 37. Ke3 Kf7 38. d4 cxd4+ 39. Kxd4 Ke6 40. c5 dxc5+ 41. Kxc5 Be4 42. Rh3 h6 43. Rg3 Kf7 44. Bb2 g6 45. Be5 Rb7 46. Rc3 g5 47. Kb5 g4 48. Ka6 Ke8 49. Rc7 Kd8 50. Rxb7 Bxb7+ 51. Kxb7 h5 52. Ka8 g3 53. b7 g2 54. b8=Q+ Kd7 55. Qg8 h4 56. Qxg2 h3 57. Qxh3 Ke6 58. Qh6+ Kd5 59. Qf6 Ke4 60. Kb7 Kd5 61. Qxf5 Kc4 62. Qe4+ Kc5 63. Bd4+ Kb5 64. Qc6+ Kb4 65. Bc3+ Kb3 66. f5 Kc2 67. f6 Kd3 68. f7 Ke3 69. f8=Q Kd3 70. Qff3+ Kc2 71. Qe2+ Kb3 72. Qb2# 1-0


[Site "https://www.chess.com"]

[Event "Titled Tuesday Blitz November 15 Early 2022"]
[White "Ronka, Erik"]
[Black "Vasques, Antonio Pedro Freixial"]
[WhiteFideId "505080"]
[BlackFideId "1908332"]
[WhiteElo "2264"]
[BlackElo "2243"]
[Result "1-0"]
[Round "07"]
[TimeControl "180+1"]
[Date "2022.11.16"]
[WhiteClock "0:00:41"]
[BlackClock "0:00:51"]

1. e4 c5 2. Nf3 Nc6 3. d4 cxd4 4. Nxd4 e5 5. Nb5 d6 6. N1c3 a6 7. Na3 b5 8. Nd5 Nge7 9. c4 Nxd5 10. cxd5 Nd4 11. Bd3 Be7 12. Be3 O-O 13. O-O Bd7 14. f4 Bf6 15. Bxd4 exd4 16. Nc2 g6 17. h3 Rc8 18. Ne1 Re8 19. Nf3 Qb6 20. Kh1 Bg7 21. Qd2 a5 22. Rf2 Bh6 23. Raf1 b4 24. g4 b3 25. g5 Bg7 26. a3 Bxh3 27. Rg1 Rc7 28. f5 Bg4 29. Rxg4 1-0


[Site "https://www.chess.com"]

[Event "Titled Tuesday Blitz November 15 Early 2022"]
[White "Rose, Felix"]
[Black "Callejas Rojas, Francisco Miguel"]
[WhiteFideId "5105722"]
[BlackFideId "32072503"]
[WhiteElo "2039"]
[BlackElo "2274"]
[Result "0-1"]
[Round "07"]
[TimeControl "180+1"]
[Date "2022.11.16"]
[WhiteClock "0:00:03"]
[BlackClock "0:00:05"]

1. d4 Nf6 2. Bf4 g6 3. Nc3 d5 4. e3 Bg7 5. Nb5 Na6 6. h3 O-O 7. Nf3 Ne4 8. c4 c6 9. Nc3 Qa5 10. Qb3 dxc4 11. Bxc4 b5 12. Bd3 Be6 13. Qd1 Nxc3 14. Qd2 b4 15. Bxa6 Nd5 16. Bb7 Nxf4 17. exf4 Rad8 18. Bxc6 Qa6 19. Be4 Bc4 20. Qxb4 Bxd4 21. Bb7 Qe6+ 22. Ne5 Bxe5 23. f3 Bd4+ 24. Kd2 Bc5+ 25. Kc3 Bxb4+ 26. Kxb4 Qb6+ 27. Kxc4 Qxb7 28. a4 Rd6 29. Kc3 Rc8# 0-1


[Site "https://www.chess.com"]

[Event "Titled Tuesday Blitz November 15 Early 2022"]
[White "Rosenberg, Evan S"]
[Black "Averjanov, Alexey"]
[WhiteFideId "2019299"]
[BlackFideId "14109867"]
[WhiteElo "2397"]
[BlackElo "2626"]
[Result "0-1"]
[Round "07"]
[TimeControl "180+1"]
[Date "2022.11.16"]
[WhiteClock "0:00:04"]
[BlackClock "0:00:25"]

1. d4 d5 2. Nf3 Nf6 3. c3 e6 4. Bf4 c5 5. e3 Bd6 6. Bg3 Qc7 7. Nbd2 Nbd7 8. Bd3 O-O 9. e4 dxe4 10. Nxe4 Nxe4 11. Bxe4 Nf6 12. Bc2 b6 13. dxc5 Bxg3 14. hxg3 Qxc5 15. Qd3 h6 16. O-O-O Bb7 17. Rh4 Qxf2 18. Rf4 Be4 19. Rxe4 Nxe4 20. Qxe4 g6 21. Ne5 Rad8 22. Nd7 Rfe8 23. Qf4 Qxf4+ 24. gxf4 Kg7 25. g4 f5 26. g5 hxg5 27. fxg5 e5 28. Ba4 e4 29. Rd6 e3 30. Kd1 f4 31. Bc6 Re7 32. Ke2 Re5 33. Nxe5 Rxd6 34. Be4 Rd2+ 35. Ke1 Rxb2 36. Nxg6 f3 37. Bxf3 Kxg6 38. a4 Kxg5 39. Bc6 Kf4 0-1


[Site "https://www.chess.com"]

[Event "Titled Tuesday Blitz November 15 Early 2022"]
[White "Sadubayev, Airat"]
[Black "Gurevich, Dmitry"]
[WhiteFideId "13713264"]
[BlackFideId "2000407"]
[WhiteElo "2160"]
[BlackElo "2506"]
[Result "0-1"]
[Round "07"]
[TimeControl "180+1"]
[Date "2022.11.16"]
[WhiteClock "0:00:30"]
[BlackClock "0:01:33"]

1. d4 Nf6 2. c4 a6 3. Nc3 c5 4. d5 b5 5. cxb5 axb5 6. Nxb5 Qa5+ 7. Nc3 Bb7 8. Bd2 Qb6 9. e4 e6 10. Bc4 Nxe4 11. Nxe4 exd5 12. Bc3 dxc4 13. Qe2 Bxe4 14. Qxe4+ Qe6 15. Qxe6+ fxe6 16. Nf3 Nc6 17. O-O d5 18. Rfe1 Kd7 19. a3 h6 20. Rad1 Rg8 21. h4 Bd6 22. h5 g6 23. hxg6 Rxg6 24. g3 Rf8 25. Kg2 d4 26. Bd2 Rgf6 27. Nh4 Rxf2+ 28. Kh3 Rg8 29. Rg1 h5 30. Bc1 Ne5 31. Bf4 Ng4 0-1


[Site "https://www.chess.com"]

[Event "Titled Tuesday Blitz November 15 Early 2022"]
[White "Samarth, J Rao"]
[Black "Pinheiro, Iung Alicio de O."]
[WhiteFideId "46652370"]
[BlackFideId "2104350"]
[WhiteElo "1564"]
[BlackElo "2283"]
[Result "0-1"]
[Round "07"]
[TimeControl "180+1"]
[Date "2022.11.16"]
[WhiteClock "0:00:01"]
[BlackClock "0:00:13"]

1. c4 c5 2. e3 Nf6 3. d4 cxd4 4. exd4 d5 5. Nc3 Nc6 6. Nf3 g6 7. cxd5 Nxd5 8. Qb3 e6 9. Bg5 f6 10. Nxd5 exd5 11. Qe3+ Kf7 12. Bh4 Bb4+ 13. Kd1 Bf5 14. a3 Ba5 15. Qb3 Bb6 16. Bd3 Bg4 17. Be2 Re8 18. Re1 Qd7 19. Rc1 Rad8 20. Bg3 Bxf3 21. Bxf3 Nxd4 22. Rxe8 Kxe8 23. Qd3 Qa4+ 24. Ke1 Nxf3+ 25. Qxf3 Qe4+ 26. Qxe4+ dxe4 27. Rc4 f5 28. Ke2 Rd3 29. Bc7 Rb3 30. Be5 Kd7 31. Bc3 Bc7 32. f3 exf3+ 33. Kxf3 Bxh2 34. Rh4 Bd6 35. Rxh7+ Kc6 36. Ke2 Bxa3 37. Rg7 Bxb2 38. Rxg6+ Kd5 39. Bd2 Be5 40. Rg5 Ke4 41. Kd1 Rb1+ 42. Kc2 Rb2+ 43. Kc1 Rxd2 0-1


[Site "https://www.chess.com"]

[Event "Titled Tuesday Blitz November 15 Early 2022"]
[White "Samunenkov, Ihor"]
[Black "Kozak, Antoni"]
[WhiteFideId "14187086"]
[BlackFideId "21832030"]
[WhiteElo "2441"]
[BlackElo "2447"]
[Result "1-0"]
[Round "07"]
[TimeControl "180+1"]
[Date "2022.11.16"]
[WhiteClock "0:00:05"]
[BlackClock "0:00:01"]

1. d4 d5 2. c4 e6 3. Nf3 Nf6 4. g3 c6 5. Bg2 Be7 6. O-O b6 7. Nc3 Bb7 8. Nd2 c5 9. dxc5 bxc5 10. cxd5 exd5 11. Qb3 Bc6 12. e4 d4 13. Nd5 O-O 14. Re1 a5 15. Nc4 a4 16. Qc2 Na6 17. a3 Nd7 18. Bf4 Re8 19. h4 Bf8 20. h5 h6 21. Nd6 Bxd6 22. Bxd6 Nb6 23. Bc7 Nxc7 24. Nxb6 Ra5 25. Nc4 Ra6 26. Rad1 Ne6 27. f4 Bb5 28. e5 Bxc4 29. Qxc4 Rb6 30. Re2 Qb8 31. Rdd2 Rb3 32. Kh2 Rd8 33. Qxa4 d3 34. Rf2 Rd4 35. Qc6 Rd8 36. f5 Nd4 37. Qxc5 Rb5 38. Qe7 Rxe5 39. Qh4 Re2 40. Qf4 Rxf2 41. Qxf2 Ne2 42. Qe3 Re8 43. Qxd3 Nc1 44. Qc2 Nb3 45. Rd3 Na5 46. Qd2 Nc4 47. Qc3 Nxb2 48. Rd2 Na4 49. Qb4 Qxb4 50. axb4 Rb8 51. Rd4 Nc3 52. Bc6 Ne2 53. Rc4 Rd8 54. b5 Nd4 55. b6 Nxc6 56. Rxc6 Rd2+ 57. Kh3 Rb2 58. f6 gxf6 59. Rxf6 Kg7 60. Rc6 Rb4 61. Kg2 Rb3 62. Kf2 f6 63. Rc7+ Kf8 64. b7 1-0


[Site "https://www.chess.com"]

[Event "Titled Tuesday Blitz November 15 Early 2022"]
[White "Sanchez Enriquez, Oscar Gerardo"]
[Black "Zaichenko, Daria"]
[WhiteFideId "5106311"]
[BlackFideId "4197453"]
[WhiteElo "2375"]
[BlackElo "2039"]
[Result "1-0"]
[Round "07"]
[TimeControl "180+1"]
[Date "2022.11.16"]
[WhiteClock "0:01:57"]
[BlackClock "0:01:23"]

1. e4 c5 2. c3 d5 3. exd5 Qxd5 4. d4 cxd4 5. cxd4 e6 6. Nc3 Qd8 7. Nf3 Nf6 8. Bd3 Nc6 9. O-O Be7 10. Qe2 O-O 11. Rd1 Bd7 12. Bg5 h6 13. Bh4 Nd5 14. Bg3 f5 15. Be5 Bf6 16. Bc4 Bxe5 17. Nxd5 Bd6 18. Nc3 Qf6 19. d5 Ne5 20. dxe6 Rfc8 21. Nxe5 Qxe5 22. exd7+ Rxc4 23. Qxc4+ Kh7 24. g3 Rd8 25. Qd5 1-0


[Site "https://www.chess.com"]

[Event "Titled Tuesday Blitz November 15 Early 2022"]
[White "Sanchez, Robert"]
[Black "Storey, Charles H"]
[WhiteFideId "2034360"]
[BlackFideId "406686"]
[WhiteElo "2306"]
[BlackElo "2252"]
[Result "0-1"]
[Round "07"]
[TimeControl "180+1"]
[Date "2022.11.16"]
[WhiteClock "0:01:26"]
[BlackClock "0:01:13"]

1. e4 g6 2. d4 Bg7 3. Nc3 c5 4. Nf3 Qa5 5. e5 cxd4 6. Qxd4 Nc6 7. Qd1 Nxe5 8. Nxe5 Bxe5 9. Bd2 Bg7 10. Be2 Nf6 11. O-O O-O 12. Bf3 Qb6 13. Rb1 d6 14. Re1 Be6 15. a4 d5 16. Bg5 Rfd8 17. Qd2 Rac8 18. Rec1 a6 19. Bh6 Bxh6 20. Qxh6 Qb4 21. h4 Bf5 22. Re1 Bxc2 23. Rxe7 Qxe7 0-1


[Site "https://www.chess.com"]

[Event "Titled Tuesday Blitz November 15 Early 2022"]
[White "Saravana, Krishnan P."]
[Black "Mrudul Dehankar"]
[WhiteFideId "5018382"]
[BlackFideId "25096990"]
[WhiteElo "2155"]
[BlackElo "2068"]
[Result "1-0"]
[Round "07"]
[TimeControl "180+1"]
[Date "2022.11.16"]
[WhiteClock "0:00:12"]
[BlackClock "0:00:01"]

1. e4 c6 2. Nf3 d5 3. exd5 cxd5 4. Ne5 Nc6 5. Bb5 Qc7 6. d4 Nf6 7. O-O a6 8. Bxc6+ bxc6 9. Bf4 Qb6 10. Nc3 Bf5 11. Na4 Qb5 12. b3 e6 13. c4 Qb7 14. Rc1 Ba3 15. Nc5 Bxc5 16. dxc5 O-O 17. Qd4 Rfd8 18. cxd5 Nxd5 19. Bg3 a5 20. Nc4 Qb4 21. Rfd1 f6 22. h3 e5 23. Qh4 Nc3 24. Rxd8+ Rxd8 25. Kh2 Ne2 26. Rf1 Qc3 27. Bxe5 Qd3 28. Bg3 Rd4 29. Qh5 g6 30. Qh6 Nxg3 31. Re1 Nf1+ 32. Kg1 1-0


[Site "https://www.chess.com"]

[Event "Titled Tuesday Blitz November 15 Early 2022"]
[White "Sargsyan, Anna M."]
[Black "Ter-Sahakyan, Samvel"]
[WhiteFideId "13308130"]
[BlackFideId "13302531"]
[WhiteElo "2284"]
[BlackElo "2584"]
[Result "0-1"]
[Round "07"]
[TimeControl "180+1"]
[Date "2022.11.16"]
[WhiteClock "0:00:05"]
[BlackClock "0:00:05"]

1. e4 c6 2. d4 d5 3. exd5 cxd5 4. Bd3 Nf6 5. c3 Bg4 6. f3 Bh5 7. Ne2 Bg6 8. O-O e6 9. Nf4 Bd6 10. Re1 Qc7 11. g3 Nc6 12. Kg2 Bxd3 13. Qxd3 O-O 14. a4 Rfe8 15. Na3 a6 16. Nc2 Rad8 17. Ne2 e5 18. Bg5 Nd7 19. Bxd8 Rxd8 20. dxe5 Ncxe5 21. Qxd5 Nf6 22. Qb3 Nxf3 23. Kxf3 Qc6+ 24. Kf2 Ne4+ 25. Kg1 Ng5 26. Ned4 Bc5 27. Re3 Nh3+ 28. Kf1 Qh1+ 29. Ke2 Qxh2+ 30. Kd1 Nf2+ 31. Kc1 Ng4 32. Re2 Qg1+ 33. Re1 Qxg3 34. Qxb7 Bxd4 35. cxd4 h5 36. Qe4 Rc8 37. Kb1 Nf6 38. Qe3 Qg4 39. Ra3 Nd5 40. Qg3 Qf5 41. Qd3 Qf2 42. Re2 Qf1+ 43. Re1 Qf6 44. Qe4 Nf4 45. Qe5 Qg6 46. Qe4 Qf6 47. Rc3 Rd8 48. Qe5 Qxe5 49. dxe5 g5 50. e6 fxe6 51. Ne3 Kf7 52. Nc4 Kf6 53. Ne5 Rd5 54. Nc6 h4 55. Rce3 h3 56. Ne5 Rc5 57. Ng4+ Kf5 58. Nf2 Rd5 59. Nxh3 e5 60. Ng1 g4 61. Ne2 Ng2 62. Ng3+ Kf4 63. Nh5+ Kg5 64. Ng3 Kf4 65. Re4+ Kxg3 66. Rc1 Nf4 67. Rc3+ Kf2 68. Rce3 g3 69. Rxe5 Rxe5 70. Rxe5 g2 71. Rg5 g1=Q+ 72. Rxg1 Kxg1 73. b4 Nd5 74. b5 a5 75. Kc2 Nb6 76. Kc3 Kf2 77. Kd4 Nxa4 78. Kc4 Ke3 79. b6 Nxb6+ 80. Kb5 a4 0-1


[Site "https://www.chess.com"]

[Event "Titled Tuesday Blitz November 15 Early 2022"]
[White "Seemann, Jakub"]
[Black "Papasimakopoulos, Alexandros"]
[WhiteFideId "21874697"]
[BlackFideId "4244125"]
[WhiteElo "2275"]
[BlackElo "2365"]
[Result "1-0"]
[Round "07"]
[TimeControl "180+1"]
[Date "2022.11.16"]
[WhiteClock "0:01:02"]
[BlackClock "0:00:30"]

1. e4 e6 2. d4 d5 3. Nc3 Bb4 4. e5 b6 5. Qg4 Bf8 6. h4 h5 7. Qg3 Qd7 8. Nf3 Ne7 9. Ng5 Nf5 10. Qf4 Ba6 11. Bxa6 Nxa6 12. Be3 Nb4 13. O-O-O O-O-O 14. f3 f6 15. Nh3 Nc6 16. Bf2 Bb4 17. Ne2 Rdf8 18. Qh2 fxe5 19. dxe5 Bc5 20. Bxc5 bxc5 21. Nef4 Nce7 22. Ng5 Nd4 23. Rxd4 cxd4 24. Nfxe6 Re8 25. Nxd4 Qa4 26. Nge6 Qxa2 27. Nb3 Nc6 28. Nec5 Rxe5 29. Qh3+ Kb8 30. Nd7+ Ka8 31. Nxe5 Nxe5 32. Qe6 Rb8 33. Qxe5 Rxb3 34. Qxd5+ c6 35. Qg8+ Rb8 36. Qxa2 1-0


[Site "https://www.chess.com"]

[Event "Titled Tuesday Blitz November 15 Early 2022"]
[White "Seifert, Henryk"]
[Black "Ravot, Sylvain"]
[WhiteFideId "1100963"]
[BlackFideId "627763"]
[WhiteElo "2120"]
[BlackElo "2195"]
[Result "1-0"]
[Round "07"]
[TimeControl "180+1"]
[Date "2022.11.16"]
[WhiteClock "0:00:28"]
[BlackClock "0:00:04"]

1. e4 c5 2. Nf3 g6 3. c3 d5 4. exd5 Qxd5 5. d4 Bg7 6. Be2 Nc6 7. Na3 Nf6 8. Nb5 Qd8 9. dxc5 Ne4 10. Qxd8+ Kxd8 11. Be3 a6 12. Rd1+ Bd7 13. Nbd4 Kc8 14. Nxc6 Bxc6 15. Nd4 Ba4 16. Rd3 Nxc5 17. Rd2 Ne4 18. Rd3 e5 19. Nb3 Bb5 20. Rd1 Bxe2 21. Kxe2 Kc7 22. f3 Nd6 23. Nc5 Kc6 24. b3 Rhd8 25. g4 Nb5 26. Rc1 Bf8 27. Ne4 Ba3 28. Rc2 Be7 29. a4 Nc7 30. b4 Ne6 31. Rb1 f5 32. gxf5 gxf5 33. Ng3 f4 34. Nf5 Bf6 35. Bf2 Rg8 36. Rg1 Rxg1 37. Bxg1 Rg8 38. Bf2 Rg2 39. Rd2 Kc7 40. Rd6 1-0


[Site "https://www.chess.com"]